 Dungeon Crawl Stone Soup version bcrawl-1.28.1b (webtiles) character file.

Game seed: 16651394163957117185

462979 LostNumber the Cleaver (level 13, -2/103 HPs)
             Began as a Demonspawn Archaeologist on Dec 8, 2020.
             Was a High Priest of Okawaru.
             Slain by a blink frog (12 damage)
             ... on level 6 of the Lair of Beasts on Dec 9, 2020.
             The game lasted 00:28:20 (17147 turns).

LostNumber the Cleaver (Demonspawn Archaeologist)  Turns: 17147, Time: 00:28:21

Health: -2/103     AC: 32    Str: 22    XL:     13   Next: 93%
Magic:  21/21      EV: 12    Int: 16    God:    Okawaru [*****.]
Gold:   1137       SH: 17    Dex: 12    Spells: 12/12 levels left

rFire    + . .     SeeInvis +   k - +2 hand axe (chop)
rCold    + . .     Gourm    .   f - +3 warlock's mirror {reflect}
rNeg     . . .     Faith    .   Q - +3 plate armour {rPois}
rPois    +         Spirit   .   y - +2 hat {SInv}
rElec    .         Reflect  +   M - +2 cloak
rCorr    .         Harm     .   R - +0 pair of gloves
MR       .....                  S - +1 pair of boots
Stlth    ..........             L - +6 amulet of reflection
HPRegen  0.27/turn              I - +6 ring of strength
MPRegen  0.17/turn              i - ring of protection from fire

@: heroism, studying Evocations
A: claws 1, thin metallic scales 2, cold resistance 1, spiny 1
a: Heroism, Finesse, Renounce Religion


You were on level 6 of the Lair of Beasts.
You worshipped Okawaru.
Okawaru was extremely pleased with you.
You were not hungry.

You visited 3 branches of the dungeon, and saw 17 of its levels.
You also visited: Ossuary.

You collected 1407 gold pieces.
You spent 270 gold pieces at shops.

Inventory:

Hand Weapons
 a - a +0 whip
 b - a cursed +4 mace
   (You took it off a wight on level 10 of the Dungeon)
 k - a +2 hand axe of chopping (weapon)
   (You found it on level 1 of the Dungeon)
 H - a +1 hand axe of venom
   (You took it off an orc priest on level 6 of the Dungeon)
 Y - a +0 flail
   (You found it on level 10 of the Dungeon)
 Z - a +2 scimitar of flaming
   (You took it off an efreet on level 10 of the Dungeon)
Armour
 c - the +2 large shield "Paipry" {Int+7}
   (Okawaru gifted it to you on level 10 of the Dungeon)

   It affects your intelligence (+7).
 f - the +3 warlock's mirror (worn) {reflect}
   (You acquired it on level 3 of the Dungeon)
 y - a +2 hat of see invisible (worn)
   (Okawaru gifted it to you on level 5 of the Lair of Beasts)
 M - a +2 cloak (worn)
   (You found it on level 7 of the Dungeon)
 Q - a +3 plate armour of poison resistance (worn)
   (Okawaru gifted it to you on level 9 of the Dungeon)
 R - a +0 pair of gloves (worn)
   (You found it on level 1 of the Lair of Beasts)
 S - a +1 pair of boots (worn)
   (You found it on level 1 of the Lair of Beasts)
 V - a +1 helmet
   (You found it on level 1 of the Lair of Beasts)
Jewellery
 i - a ring of protection from fire (right hand)
   (You found it on level 5 of the Dungeon)
 z - an uncursed ring of see invisible
   (You found it on level 7 of the Dungeon)
 I - a +6 ring of strength (left hand)
   (You found it on level 1 of the Lair of Beasts)
 L - a +6 amulet of reflection (around neck)
   (You took it off a gnoll on level 6 of the Dungeon)
 T - an uncursed amulet of regeneration {unknown}
   (You found it on level 1 of the Lair of Beasts)
Wands
 W - a wand of polymorph (16)
   (You found it on level 10 of the Dungeon)
Scrolls
 g - 5 scrolls of magic mapping
 l - 12 scrolls of teleportation {@r4}
 r - 2 scrolls of enchant weapon {unknown}
 s - 8 scrolls of remove curse {unknown}
 u - 6 scrolls of fog
 v - 4 scrolls of blinking {unknown}
 w - 5 scrolls of enchant armour
 C - 3 scrolls of fear
 D - 3 scrolls of immolation {!r}
 O - 3 scrolls of amnesia {unknown}
 P - a scroll of vulnerability {!r}
 U - a scroll of noise {unknown}
Potions
 h - 4 potions of agility
 j - 2 potions of berserk rage
 m - 6 potions of lignification {!q}
 n - 3 potions of might
 o - 2 potions of magic
 p - 4 potions of brilliance
 q - 7 potions of haste {@q3}
 x - a potion of flight {unknown}
 B - 3 potions of invisibility
 E - 2 potions of mutation {!q}
 F - 3 potions of resistance
 G - 3 potions of cancellation
 J - 4 potions of heal wounds {@q2}
 N - 3 potions of curing {@q1}
 X - a potion of ambrosia {unknown}
Books
 K - a manual of Evocations {!d}
   (You found it on level 6 of the Dungeon)
Miscellaneous
 t - a sack of spiders
   (You found it on level 10 of the Dungeon)
Comestibles
 d - 3 chunks of flesh
 e - 26 rations {!d!d}


   Skills:
 + Level 10.1(15.1) Fighting
 * Level 12.7(17.8) Axes
 - Level 1.1(13.4) Maces & Flails
 + Level 9.2(14.2) Armour
 - Level 8.0(13.0) Dodging
 - Level 3.0(8.0) Stealth
 + Level 6.9(11.9) Shields
 + Level 11.8 Invocations


You had 12 spell levels left.
You didn't know any spells.
Your spell library contained the following spells:

 Spells                   Type           Power        Failure   Level  Hunger
 Corona                   Hex            #......      98%         1    None
 Magic Dart               Conj           #...         98%         1    None
 Blink                    Tloc           N/A          99%         2    ####...
 Call Imp                 Summ           #.....       99%         2    ####...
 Ensorcelled Hibernation  Hex/Ice        #.....       99%         2    ####...
 Poisonous Vapours        Pois/Air       #.....       99%         2    ####...
 Confuse                  Hex            #.......     100%        3    #####..
 Conjure Flame            Conj/Fire      #.......     100%        3    #####..
 Dazzling Orbs            Conj/Hex       #......      100%        3    #####..
 Mephitic Cloud           Conj/Pois/Air  #.......     100%        3    #####..
 Spider Form              Tmut/Pois      #..          100%        3    #####..
 Tukima's Dance           Hex            #.......     100%        3    #####..
 Freezing Cloud           Ice/Air        #.........   100%        6    #######
 Steam Barrier            Chrm/Fire      #.........   100%        6    #######


Dungeon Overview and Level Annotations

Branches:
Dungeon (10/12)            Temple (1/1) D:5            Lair (6/6) D:9
 Shoals (0/3) Lair:2        Snake (0/3) Lair:4        Slime (0/5) Lair:6
    Orc (0/1) D:9

Altars:
Cheibriados
Dithmenos
Elyvilon
Fedhas
Hepliaklqana
Kikubaaqudgha
Nemelex Xobeh
Okawaru
Ru
Trog
Uskayaw
Xom
Yredelemnul
The Shining One

Shops:
D:5 =*   D:7 }   D:8 :   D:9 !!!!:

Annotations:
D:8 exclusion: ice statue
D:9 1 runed door
Lair:5 exclusion: oklob plant


Innate Abilities, Weirdness & Mutations

You have sharp fingernails.
You are mostly covered in thin metallic scales. (AC +3)
Your flesh is cold resistant. (rC+)
You are partially covered in sharp spines.


Message History

The blink frog blinks!
You block the tyrant leech's attack.
You see here a crocodile corpse.
You hit the tyrant leech.
Snnnck.
You hit the blink frog.
Ssssck.
You kill the blink frog!
Okawaru accepts your kill.
You miss the tyrant leech.
The tyrant leech is struck by your spines.
The tyrant leech bites you!
* * * LOW HITPOINT WARNING * * *
The tyrant leech draws strength from your injuries!
You closely miss the tyrant leech.
You hit the tyrant leech but do no damage.
Snnnck.
The tyrant leech bites you!
* * * LOW HITPOINT WARNING * * *
The tyrant leech draws strength from your injuries!
You barely miss the tyrant leech.
You hit the tyrant leech but do no damage.
Snnnck.
The tyrant leech is struck by your spines.
The tyrant leech bites you.
* * * LOW HITPOINT WARNING * * *
The tyrant leech draws strength from your injuries!
You gain the combat prowess of a mighty hero.
The tyrant leech bites you!!
* * * LOW HITPOINT WARNING * * *
The tyrant leech draws strength from your injuries!
You hit the tyrant leech.
Snnnck.
Unknown command.
A blink frog comes into view.
The blink frog moves out of view.
The blink frog gives a loud, deep croak!
You hear a croak.
You hear a roar!
A blink frog comes into view.
The blink frog gives a loud, deep croak!
You hear a loud, deep croak!
The blink frog blinks!
A blink frog comes into view.
The blink frog moves out of view.
A blink frog comes into view.
The blink frog is struck by your spines.
The blink frog closely misses you.
The blink frog blinks!
You block the blink frog's attack.
The blink frog is struck by your spines.
The blink frog hits you but does no damage.
You block the blink frog's attack. x2
There is a stone staircase leading up here.
The blink frog is struck by your spines.
The blink frog hits you!
You die...

##. ###.#. ##.### ###
...##....###..#.##.P ...
...........[......PPP...
..................PP....
..................PP...#
............†.....P....#
.........†.............#
.......................##
....P.†####..w.F@÷......#
.≈.≈≈.....####.FF........
≈≈..≈≈≈≈≈.#..............
≈≈≈≈≈≈≈P≈##.....÷........
≈≈≈≈≈≈≈≈###≈≈............
≈≈≈≈≈≈≈≈≈#≈≈..÷..........
≈≈≈≈≈≈≈≈##PP.÷...................
≈≈≈≈≈.≈.##≈≈≈P...................
≈≈≈≈≈≈≈##P≈≈≈............ .... ..


You could see a tyrant leech and 3 blink frogs.

Vanquished Creatures
  Snorg (Lair:4)
  6 hydras
  Erica (D:9)
  4 two-headed ogres
  An ugly thing (D:10)
  A manticore (Lair:5)
  A black mamba (Lair:5)
  A water nymph (Lair:2)
  12 cane toads
  A gargoyle (D:10)
  A kobold demonologist (D:10)
  An efreet (D:10)
  7 komodo dragons
  5 rime drakes
  2 trolls
  A tyrant leech (Lair:6)
  3 polar bears
  17 blink frogs
  Grinder (D:3)
  2 hornets
  15 dream sheep
  4 slime creatures
  4 hippogriffs
  2 shadows (D:9)
  2 water elementals (Lair:2)
  33 yaks
  A spriggan (Lair:4)
  2 wyverns
  3 wraiths (D:9)
  3 fire bats (D:9)
  A basilisk (Lair:2)
  A steam dragon (D:10)
  4 vampire mosquitoes (Lair:6)
  6 crocodiles
  3 wargs (D:9)
  5 water moccasins
  8 porcupines
  4 orc warriors (D:9)
  3 ice beasts
  4 sky beasts
  2 black bears
  A necrophage (D:10)
  9 ogres
  12 wolves
  2 centaurs
  18 bullfrogs
  A big kobold (D:6)
  An elf zombie (Ossuary)
  2 gnoll sergeants (D:6)
  A wyvern zombie (D:10)
  A scorpion (D:9)
  2 killer bees (D:10)
  A water moccasin skeleton (D:7)
  5 wights (D:10)
  An electric eel (Lair:6)
  3 howler monkeys (D:10)
  A bullfrog zombie (D:4)
  8 crimson imps
  A quasit (D:9)
  A centaur skeleton (D:6)
  4 centaur zombies
  A human zombie (Ossuary)
  3 hounds
  3 jellies
  4 orc priests
  6 orc wizards
  3 gnoll shamans (D:6)
  Jessica (D:2)
  Terence (D:3)
  8 worker ants
  3 iguanas
  A killer bee zombie (D:8)
  A big kobold zombie (Ossuary)
  4 mummies (Ossuary)
  44 gnolls
  A worker ant zombie (D:5)
  11 adders
  3 shadow imps
  2 adder skeletons
  3 worms
  A dart slug (D:2)
  4 leopard geckos
  20 orcs
  A bat skeleton (D:2)
  2 giant cockroaches (D:3)
  2 gnoll zombies (Ossuary)
  6 goblins
  6 hobgoblins
  24 jackals
  3 quokkas
  11 bats
  A frilled lizard (D:2)
  3 goblin zombies (Ossuary)
  A hobgoblin zombie (Ossuary)
  2 jackal zombies
  3 kobolds
  A kobold zombie (Ossuary)
  An orc zombie (Ossuary)
  2 quokka skeletons (D:2)
  8 rats
  A fungus (Lair:2)
  2 plants
462 creatures vanquished.

Vanquished Creatures (others)
  A manticore (Lair:6)
  An eye of draining (D:10)
  2 killer bees (D:10)
  7 fungi
  8 plants
19 creatures vanquished.

Grand Total: 481 creatures vanquished

Notes
Turn   | Place    | Note
-------+----------+-------------------------------------------
     0 | D:1      | LostNumber the Demonspawn Archaeologist began the quest for
                  | the Orb.
     0 | D:1      | Reached XP level 1. HP: 15/15 MP: 1/1
   105 | D:1      | Reached skill level 1 in Maces & Flails
   386 | D:1      | Gained mutation: Your flesh is cold resistant. (rC+)
                  | [demonic ancestry]
   386 | D:1      | Reached XP level 2. HP: 21/21 MP: 2/2
  1087 | D:2      | Reached skill level 1 in Axes
  1187 | D:2      | Reached XP level 3. HP: 26/26 MP: 3/3
  1267 | D:2      | Found a sacrificial altar of Ru.
  1320 | D:2      | Noticed Jessica
  1331 | D:2      | Killed Jessica
  1332 | D:2      | Reached skill level 1 in Armour
  1736 | D:2      | Reached XP level 4. HP: 33/33 MP: 4/4
  2028 | D:3      | Reached skill level 2 in Axes
  2496 | D:3      | Found a shimmering altar of Xom.
  2505 | D:3      | Reached XP level 5. HP: 38/38 MP: 5/5
  2505 | D:3      | Identified a scroll of acquirement
  2505 | D:3      | Identified the ring "Quum" {*Contam rElec MP+9 Int+4} (You
                  | acquired it on level 3 of the Dungeon)
  2506 | D:3      | Found the +3 warlock's mirror {reflect}
  2850 | D:3      | Noticed Terence
  2864 | D:3      | Killed Terence
  3060 | D:3      | Reached skill level 3 in Axes
  3060 | D:3      | Gained mutation: You are partially covered in thin metallic
                  | scales. (AC +2) [demonic ancestry]
  3060 | D:3      | Reached XP level 6. HP: 41/46 MP: 6/6
  3146 | D:3      | Noticed Grinder
  3308 | D:4      | Reached skill level 1 in Shields
  4010 | D:5      | Entered Level 5 of the Dungeon
  4010 | D:5      | Noticed an orc warrior
  4078 | D:5      | Found Hianonet's Assorted Antiques.
  4086 | D:5      | Gained mutation: You are partially covered in sharp spines.
                  | [demonic ancestry]
  4086 | D:5      | Reached XP level 7. HP: 24/52 MP: 7/7
  4116 | D:5      | Found a sand-covered staircase.
  4181 | Ossuary  | Entered an ossuary
  4197 | Ossuary  | Reached skill level 4 in Axes
  4564 | D:5      | Found a shadowy altar of Dithmenos.
  4649 | D:5      | Found Zyes's Jewellery Shoppe.
  4714 | D:5      | Found a staircase to the Ecumenical Temple.
  4737 | Temple   | Entered the Ecumenical Temple
  4754 | Temple   | Became a worshipper of Warmaster Okawaru
  5139 | D:3      | Paralysed by Grinder for 4 turns
  5150 | D:3      | Killed Grinder
  5151 | D:3      | Reached skill level 5 in Axes
  5151 | D:3      | Reached skill level 1 in Invocations
  5151 | D:3      | Gained mutation: You have sharp fingernails. [demonic
                  | ancestry]
  5151 | D:3      | Reached XP level 8. HP: 47/60 MP: 8/8
  5483 | D:5      | Reached * piety under Okawaru
  5830 | D:6      | Reached skill level 5 in Dodging
  5983 | D:6      | Reached ** piety under Okawaru
  6092 | D:6      | Reached XP level 9. HP: 38/66 MP: 11/11
  6115 | D:6      | Reached skill level 6 in Axes
  6421 | D:6      | Reached skill level 5 in Fighting
  6921 | D:7      | Found a blossoming altar of Fedhas.
  6941 | D:7      | Noticed a troll
  6958 | D:7      | Killed a troll
  7104 | D:7      | Reached *** piety under Okawaru
  7182 | D:7      | Reached skill level 7 in Axes
  7245 | D:7      | Reached skill level 5 in Invocations
  7402 | D:7      | Reached skill level 5 in Armour
  7402 | D:7      | Reached XP level 10. HP: 65/76 MP: 13/13
  7711 | D:7      | Found Venotiegh's Gadget Shop.
  7953 | D:8      | Reached **** piety under Okawaru
  8010 | D:8      | Noticed an ice statue
  8199 | D:8      | Found Qidem's Book Shoppe.
  8210 | D:8      | Noticed a two-headed ogre
  8224 | D:8      | Killed a two-headed ogre
  8346 | D:8      | Reached skill level 5 in Shields
  8351 | D:8      | Reached skill level 8 in Axes
  8355 | D:8      | Reached ***** piety under Okawaru
  8640 | D:9      | Noticed Erica
  8798 | D:9      | Killed Erica
  8815 | D:9      | HP: 3/77 [orc warrior/+0 war axe (22)]
  9002 | D:9      | Reached XP level 11. HP: 71/83 MP: 16/16
  9284 | D:9      | Found a staircase to the Lair.
  9285 | D:9      | Found a staircase to the Orcish Mines.
  9493 | D:9      | Noticed a two-headed ogre
  9510 | D:9      | Reached skill level 9 in Axes
  9515 | D:9      | Killed a two-headed ogre
  9515 | D:9      | Received a gift from Okawaru
  9637 | D:9      | Found Usugefe's Distillery.
  9649 | D:9      | Bought a potion of haste for 130 gold pieces
  9716 | D:9      | Found Xasy's Distillery.
  9764 | D:9      | Found Zeyfuoh's Distillery.
  9828 | D:9      | Found Jovup's Book Boutique.
 10020 | D:9      | Found Kiesta's Distillery.
 10025 | D:9      | Bought a potion of heal wounds for 70 gold pieces
 10025 | D:9      | Bought a potion of heal wounds for 70 gold pieces
 10113 | D:9      | Found a hide-covered altar of Uskayaw.
 10250 | D:9      | Found a hide-covered altar of Uskayaw.
 10267 | D:9      | Found a runed door.
 10268 | D:9      | Found a shimmering altar of Xom.
 10275 | D:9      | Found a bloodstained altar of Trog.
 10309 | D:9      | Found an ancient bone altar of Kikubaaqudgha.
 10365 | D:9      | Found a glowing golden altar of the Shining One.
 10484 | Lair:1   | Entered Level 1 of the Lair of Beasts
 11429 | Lair:2   | Found a staircase to the Shoals.
 11772 | Lair:2   | Noticed an eight-headed hydra
 11840 | D:10     | Entered Level 10 of the Dungeon
 11908 | D:10     | Noticed a two-headed ogre
 11912 | D:10     | Reached skill level 10 in Axes
 11921 | D:10     | Killed a two-headed ogre
 11992 | D:10     | Reached XP level 12. HP: 79/92 MP: 18/18
 11997 | D:10     | Noticed a two-headed ogre
 12019 | D:10     | Killed a two-headed ogre
 12019 | D:10     | Received a gift from Okawaru
 12121 | D:10     | Got a bloodstained large shield {god gift}
 12128 | D:10     | Identified the +2 large shield "Paipry" {Int+7} (Okawaru
                  | gifted it to you on level 10 of the Dungeon)
 12444 | D:10     | Got a masterwork ring mail
 12681 | Lair:2   | Killed a four-headed hydra
 13026 | Lair:2   | Noticed an eight-headed hydra
 13037 | Lair:2   | Killed a four-headed hydra
 13046 | Lair:2   | Reached skill level 11 in Axes
 13358 | Lair:2   | Reached skill level 10 in Invocations
 14540 | Lair:4   | Noticed Snorg
 14549 | Lair:4   | Noticed a five-headed hydra
 14847 | Lair:4   | Killed Snorg
 14914 | Lair:4   | Noticed a seven-headed hydra
 14923 | Lair:4   | Killed a four-headed hydra
 14963 | Lair:4   | Gained mutation: You are mostly covered in thin metallic
                  | scales. (AC +3) [demonic ancestry]
 14963 | Lair:4   | Reached XP level 13. HP: 94/101 MP: 20/20
 14982 | Lair:4   | Found a staircase to the Snake Pit.
 15741 | Lair:5   | Received a gift from Okawaru
 15757 | Lair:5   | Reached skill level 12 in Axes
 16274 | Lair:5   | Identified the +5 ring mail of Elitism {rElec rF- Str+3}
                  | (You found it on level 10 of the Dungeon)
 16604 | Lair:6   | Entered Level 6 of the Lair of Beasts
 16604 | Lair:6   | Found a staircase to the Slime Pits.
 16878 | Lair:6   | Reached skill level 10 in Fighting
 17147 | Lair:6   | Slain by a blink frog

Skill      XL: |  1  2  3  4  5  6  7  8  9 10 11 12 13 |
---------------+----------------------------------------+-----
Maces & Flails | 1 |  1.1
Axes           | 1 2 3 5 7 8 10 11 12 | 12.7
Dodging        | 3 4 5 6 7 8 |  8.0
Armour         | 1 2 3 4 5 6 7 8 9 |  9.2
Fighting       | 2 3 4 5 6 7 9 10 | 10.1
Shields        | 1 2 3 4 5 6 |  6.9
Invocations    | 1 3 5 7 8 10 11 | 11.8
Stealth        | |  3.0

Action                   |  1- 3 |  4- 6 |  7- 9 | 10-12 | 13-15 || total
-------------------------+-------+-------+-------+-------+-------++-------
Melee: Whip              |    12 |       |       |       |       ||    12
       Hand axe          |    55 |   190 |   419 |   945 |   353 ||  1962
       Scimitar          |       |       |       |    18 |    18 ||    36
Invok: Heroism           |       |       |     3 |    19 |     6 ||    28
       Finesse           |       |       |       |     1 |       ||     1
  Use: Scroll            |       |     2 |    11 |    10 |     1 ||    24
       Potion            |       |       |       |     2 |       ||     2
 Stab: Sleeping          |     3 |     5 |       |       |       ||     8
       Invisible         |       |     3 |       |       |       ||     3
  Eat: Chunk             |     4 |    12 |    12 |    40 |    14 ||    82
       Ration            |       |       |     3 |     1 |       ||     4
Armor: Robe              |    18 |    30 |       |       |       ||    48
       Scale mail        |       |    28 |   156 |    45 |       ||   229
       Plate armour      |       |       |       |   227 |   161 ||   388
Dodge: Dodged            |    35 |    90 |   136 |   213 |   110 ||   584
Block: Buckler           |       |    39 |   180 |   578 |   251 ||  1048
       Reflection        |       |     2 |     8 |     9 |     3 ||    22
